 Dungeon Crawl Stone Soup version 0.24.0-37-gcf1ca852f1 (webtiles) character file.

Game seed: 14343824562093200149, levelgen mode: deterministic

30 FishyPogo the Firebug (level 3, -5/19 HPs)
             Began as a Gargoyle Fire Elementalist on Nov 22, 2019.
             Slain by a gnoll
             ... wielding a +0 flail
              (12 damage)
             ... on level 2 of the Dungeon.
             The game lasted 00:04:57 (853 turns).

FishyPogo the Firebug (Gargoyle Fire Elementalist)   Turns: 853, Time: 00:04:57

Health: -5/19      AC:  5    Str: 11    XL:     3   Next: 18%
Magic:  0/6        EV: 12    Int: 15    God:
Gold:   50         SH:  0    Dex: 11    Spells: 3/6 levels left

rFire    . . .     SeeInvis .   (no weapon)
rCold    . . .     Gourm    .   (no shield)
rNeg     + . .     Faith    .   a - +0 robe
rPois    ∞         Spirit   .   (no helmet)
rElec    +         Reflect  .   (no cloak)
rCorr    .         Harm     .   (no gloves)
MR       .....                  (no boots)
Stlth    +.........             (no amulet)
HPRegen  0.06/turn              g - ring of attention (curse)
MPRegen  0.10/turn              (no ring)

@: no status effects
A: negative energy resistance 1, electricity resistance, unbreathing,
petrification resistance, rot immunity, AC +3
a: no special abilities


You were on level 2 of the Dungeon.
You were not hungry.

You visited 1 branch of the dungeon, and saw 2 of its levels.

You collected 50 gold pieces.

Inventory:

Missiles
 d - 47 stones (quivered)
Armour
 a - a +0 robe (worn)
Jewellery
 g - a cursed ring of attention (left hand)
Scrolls
 e - a scroll of identify {unknown}
 f - a scroll of enchant armour {unknown}
Potions
 h - a potion of heal wounds {unknown}
 i - a potion of mutation {unknown}
 j - a potion of magic {unknown}
Comestibles
 b - 2 chunks of flesh
 c - 2 rations


   Skills:
 - Level 2.0 Dodging
 + Level 2.7 Stealth
 - Level 2.0 Spellcasting
 + Level 1.7 Conjurations
 + Level 3.3 Fire Magic


You had 3 spell levels left.
You knew the following spells:

 Your Spells              Type           Power        Failure   Level  Hunger
a - Flame Tongue          Conj/Fire      #....        8%          1    #......
b - Throw Flame           Conj/Fire      #.....       12%         2    ###....

Your spell library contained the following spells:

 Spells                   Type           Power        Failure   Level  Hunger
 Conjure Flame            Conj/Fire      #.......     22%         3    ###....
 Inner Flame              Hex/Fire       #.......     32%         3    ###....
 Sticky Flame             Conj/Fire      #.......     58%         4    #####..
 Fireball                 Conj/Fire      #.........   91%         5    ######.


Dungeon Overview and Level Annotations

Branches:
Dungeon (2/15)

Altars:


Innate Abilities, Weirdness & Mutations

You are resistant to torment.
Your stone body is resilient. (AC +3)
You are immune to poison.
You resist negative energy. (rN+)
You are resistant to electric shocks. (rElec)
You can survive without breathing.
You are immune to petrification.
You are immune to rotting.


Message History

The gnoll is severely wounded.
The gnoll barely misses you.
Casting: Flame Tongue (safe; 9% risk of failure)
Confirm with . or Enter, or press ? or * to list all spells.
Aiming: Flame Tongue (safe; 9% risk of failure)
Press: ? - help, Shift-Dir - straight line, f/p - gnoll
Aim: a gnoll, wielding a +2 whip of electrocution (severely wounded)
The flame tongue hits the gnoll.
You kill the gnoll!
You have reached level 3!
Your experience leads to an increase in your attributes!
Increase (S)trength, (I)ntelligence, or (D)exterity?
You feel agile. The gnoll hits you with a +0 flail.
You closely miss the gnoll. The gnoll hits you with a +0 flail.
You hit the gnoll.
The gnoll is moderately wounded.
The gnoll hits you with a +0 flail!
Ouch! That really hurt!
You die...

... ###..# ..#.. ##
##... .# ###... .# #
###....####.##)###
#..>..g.......$...
#....@)÷..$..#########
#.....##g............#
########.............#
#..g..........#
#.............#
######......>..
#........# #....<...#
#........#


You could see 2 gnolls.

Vanquished Creatures
  2 gnolls
  A giant cockroach (D:1)
  2 hobgoblins
  2 kobolds (D:1)
  A quokka (D:2)
  A ball python (D:1)
  A bat (D:1)
  2 rats (D:1)
12 creatures vanquished.

Notes
Turn   | Place    | Note
-------+----------+-------------------------------------------
     0 | D:1      | FishyPogo the Gargoyle Fire Elementalist began the quest
                  | for the Orb.
     0 | D:1      | Reached XP level 1. HP: 10/10 MP: 3/3
   502 | D:1      | Reached XP level 2. HP: 7/15 MP: 1/5
   506 | D:1      | Learned a level 2 spell: Throw Flame
   851 | D:2      | Reached XP level 3. HP: 11/19 MP: 0/6
   853 | D:2      | Slain by a gnoll

Levels and vault maps discovered:
D:1:      dpeg_arrival_boxorama, layout_basic, serial_corexii_hall,
          chequers_hall_statues_y, corexii_hall_statues_l
D:2:      layout_rooms

Skill      XL: |  1  2 |
---------------+-------+-----
Dodging        | 2 |  2.0
Stealth        | |  2.7
Spellcasting   | |  2.0
Conjurations   | |  1.7
Fire Magic     | |  3.3

Action                   || total
-------------------------++-------
Melee: Unarmed           ||    42
Throw: Stone             ||     1
 Cast: Flame Tongue      ||    25
       Throw Flame       ||     1
  Use: Potion            ||     1
Armor: Robe              ||    16
       Skin              ||     1
Dodge: Dodged            ||    48
